 Dungeon Crawl Stone Soup version 0.21-a0-42-gb537e02 (webtiles) character file.

14449 TheGoonsmith the Severer (level 11, -4/141 HPs)
             Began as a Minotaur Berserker on June 5, 2017.
             Was a High Priest of Trog.
             Slain by a stone giant (24 damage)
             ... in a volcano.
             The game lasted 00:31:18 (10338 turns).

TheGoonsmith the Severer (Minotaur Berserker)      Turns: 10338, Time: 00:31:18

Health: -4/141     AC: 21    Str: 34    XL:     11   Next: 88%
Magic:  0/10       EV: 13    Int:  4    God:    Trog [*****.]
Gold:   700        SH:  0    Dex: 10    Spells: 10/10 levels left

rFire    + . .     SeeInvis .   L - +0 battleaxe
rCold    + . .     Gourm    .   (shield currently unavailable)
rNeg     . . .     Faith    .   O - +5 scale mail of Siymagia {+Inv +Fly Str+7 Dex-3}
rPois    .         Spirit   +   P - +1 hat
rElec    .         Reflect  .   b - +2 cloak
rCorr    .         Harm     .   r - +2 pair of gloves
MR       ++...                  (no boots)
Stlth    ..........             M - amulet of guardian spirit
Regen    1.4/turn               x - ring of protection from cold
MPRegen  0.2/turn               D - ring of protection from fire

@: berserking, regenerating, studying Polearms, very quick
A: retaliatory headbutt, horns 2
a: Berserk, Trog's Hand, Brothers in Arms, Burn Spellbooks, Renounce Religion,
Evoke Invisibility, Evoke Flight


You were in a volcano.
You worshipped Trog.
Trog was extremely pleased with you.
You were very hungry.

You visited 2 branches of the dungeon, and saw 12 of its levels.
You also visited: Volcano.

You collected 700 gold pieces.

Inventory:

Hand Weapons
 E - a +1 war axe of protection
 L - a +0 battleaxe (weapon)
 N - a +0 dire flail
Missiles
 n - 10 javelins (quivered)
 C - 21 tomahawks
Armour
 b - a +2 cloak (worn)
 p - a +3 chain mail
 r - a +2 pair of gloves (worn)
 O - the +5 scale mail of Siymagia (worn) {+Inv +Fly Str+7 Dex-3}
   (You found it on level 1 of the Lair of Beasts)

   It affects your strength (+7).
   It affects your dexterity (-3).
   It lets you turn invisible.
   It lets you fly.
 P - a +1 hat (worn)
Jewellery
 o - an uncursed ring of resist corrosion
 x - a ring of protection from cold (left hand)
 D - a ring of protection from fire (right hand)
 M - an amulet of guardian spirit (around neck)
 Q - an uncursed amulet of faith
 R - an uncursed ring of protection from magic {unknown}
 T - an uncursed ring of poison resistance {unknown}
Wands
 a - a wand of polymorph (8/24)
 i - a wand of lightning (5/15)
 w - a wand of acid (14/15)
 y - a wand of flame (13/48)
 H - a wand of flame (20/48)
 I - a wand of lightning (1/15)
 K - a wand of iceblast (8/15)
Scrolls
 f - 2 scrolls of fog
 l - 9 scrolls of teleportation
 s - a scroll of magic mapping
 u - 6 scrolls of remove curse
Potions
 d - 4 potions of ambrosia
 e - 3 potions of brilliance
 g - 2 potions of heal wounds
 j - 3 potions of curing
 m - 4 potions of agility
 q - 4 potions of flight
 t - 4 potions of invisibility
 v - a potion of resistance
 z - 6 potions of haste
 A - a potion of lignification
 F - a potion of mutation {unknown}
 G - a potion of berserk rage {unknown}
 S - a potion of might {unknown}
Books
 B - a manual of Polearms
Comestibles
 c - 7 bread rations
 h - 16 fruits
 k - 3 royal jellies
 J - a meat ration


   Skills:
 - Level 8.0 Fighting
 * Level 17.8 Axes
 + Level 4.3 Throwing
 - Level 8.8 Armour
 - Level 5.2 Dodging


You had 10 spell levels left.
You didn't know any spells.

Dungeon Overview and Level Annotations

Branches:
Dungeon (10/15)            Temple (0/1) D:4            Lair (2/6) D:10
    Orc (0/2) D:9
  Swamp: Lair:2-4    Shoals: Lair:2-4     Snake: Lair:2-4    Spider: Lair:2-4

Altars:
Elyvilon
Hepliaklqana
Nemelex Xobeh
Okawaru
Sif Muna
Uskayaw
Wu Jian
Xom
Beogh


Innate Abilities, Weirdness & Mutations

You reflexively headbutt those who attack you in melee.
You have a pair of horns on your head.


Message History

You barely miss the earth elemental. You headbutt the earth elemental.
The earth elemental is moderately damaged.
The earth elemental hits you!!
You are too injured to fight recklessly!
You are too injured to fight recklessly!
You are too injured to fight recklessly!
Your skin crawls.
You feel resistant to hostile enchantments.
You feel somewhat more hungry.
A red film seems to cover your vision as you go berserk!
You feel yourself moving faster!
You feel mighty!
You are feeling very hungry.
The stone giant hits you!!
* * * LOW HITPOINT WARNING * * *
The earth elemental hits you!!
* * * LOW HITPOINT WARNING * * *
You chop the stone giant into pieces!!! You headbutt the stone giant!
The stone giant is severely wounded.
You barely miss the earth elemental. The stone giant hits you!!
You die...

### ##.#....§... #
###.....≈§§§ ##§
##....≈≈≈≈§§≈ #§§#
#....§§≈≈§§§§ ##≈§§#
##..§§.≈≈§≈≈≈ #≈§≈≈§#
#..§.≈§≈§§§≈≈ #≈≈!!≈≈##
###....≈≈≈≈§≈
#$.($∩.####......§§≈≈≈§
#.).[E@##..###.§§....§.
###[.C#.(### ###...###.
######## #####.## ##
#.#∩#.# #....###
#§.....# #§§≈...≈≈#
##§§§§§≈## ##§≈≈§##


You could see a stone giant and an earth elemental.

Vanquished Creatures
  Erolcha (D:9)
  A hydra (Lair:2)
  Erica (D:8)
  A two-headed ogre (D:10)
  4 oklob plants (Lair:1)
  Joseph (D:7)
  2 gargoyles
  A spiny frog (Lair:1)
  An efreet (Volcano)
  4 komodo dragons
  4 hippogriffs
  3 wyverns (D:10)
  Eustachio (D:6)
  A basilisk (Lair:2)
  A fire elemental (Volcano)
  4 yaks (Lair:1)
  A steam dragon (D:10)
  Menkaure (D:7)
  A water moccasin (D:10)
  2 porcupines (Lair:1)
  13 orc warriors
  3 phantoms
  2 ice beasts
  6 ogres
  2 centaurs
  3 crocodiles
  9 bullfrogs
  An earth elemental (Volcano)
  A water moccasin zombie (D:8)
  2 scorpions
  A wyvern skeleton (D:8)
  6 killer bees
  3 wights (D:10)
  A howler monkey (D:6)
  6 crimson imps
  A bullfrog skeleton (D:5)
  4 hounds
  Crazy Yiuf (D:7)
  8 orc priests
  5 orc wizards
  Jessica (D:3)
  4 worker ants
  An iguana (D:5)
  A hound zombie (D:8)
  2 hound skeletons (D:5)
  A howler monkey skeleton (D:10)
  5 gnolls
  18 adders
  2 shadow imps
  2 oozes (D:3)
  An adder skeleton (D:5)
  3 worms
  3 dart slugs (D:3)
  5 leopard geckos
  53 orcs
  5 bats
  6 giant cockroaches
  5 goblins
  8 hobgoblins
  6 jackals
  5 quokkas
  7 frilled lizards
  A jackal zombie (D:5)
  6 kobolds
  A leopard gecko zombie (D:4)
  2 quokka skeletons
  A quokka zombie (D:8)
  8 rats
  A fungus (Lair:1)
278 creatures vanquished.

Vanquished Creatures (others)
  A fungus (Lair:1)
  2 plants (Lair:1)
3 creatures vanquished.

Grand Total: 281 creatures vanquished

Notes
Turn   | Place    | Note
-------+----------+-------------------------------------------
     0 | D:1      | TheGoonsmith the Minotaur Berserker began the quest for the Orb.
     0 | D:1      | Reached XP level 1. HP: 19/19 MP: 0/0
   195 | D:1      | Reached skill level 4 in Axes
   314 | D:1      | Reached XP level 2. HP: 27/27 MP: 1/1
   654 | D:2      | Reached XP level 3. HP: 23/33 MP: 2/2
   797 | D:2      | Reached ** piety under Trog
   944 | D:2      | Reached skill level 5 in Axes
  1347 | D:3      | Reached XP level 4. HP: 26/41 MP: 3/3
  1558 | D:3      | Noticed Jessica
  1571 | D:3      | Killed Jessica
  1693 | D:3      | Reached skill level 5 in Fighting
  1693 | D:3      | Reached skill level 6 in Axes
  1693 | D:3      | Reached XP level 5. HP: 42/48 MP: 4/4
  1953 | D:3      | Reached *** piety under Trog
  2235 | D:4      | Reached skill level 7 in Axes
  2311 | D:4      | Reached XP level 6. HP: 56/56 MP: 5/5
  2380 | D:4      | Found an iron altar of Okawaru.
  2455 | D:4      | Found a staircase to the Ecumenical Temple.
  2702 | D:5      | Entered Level 5 of the Dungeon
  3247 | D:5      | Reached skill level 8 in Axes
  3251 | D:5      | Reached XP level 7. HP: 60/63 MP: 6/6
  4000 | D:6      | Reached skill level 9 in Axes
  4019 | D:6      | Found a hazy altar of Hepliaklqana.
  4042 | D:6      | Reached **** piety under Trog
  4202 | D:6      | Reached XP level 8. HP: 73/73 MP: 7/7
  4230 | D:6      | Found a sparkling altar of Nemelex Xobeh.
  4232 | D:6      | Noticed Eustachio
  4238 | D:6      | Killed Eustachio
  4238 | D:6      | Reached skill level 10 in Axes
  4406 | D:6      | Found a deep blue altar of Sif Muna.
  4409 | D:6      | Found a shimmering altar of Xom.
  4409 | D:6      | Found an ornate altar of the Wu Jian Council.
  4413 | D:6      | Found a hide-covered altar of Uskayaw.
  4798 | D:7      | Noticed Menkaure
  4802 | D:7      | Reached skill level 11 in Axes
  4805 | D:7      | Killed Menkaure
  4878 | D:7      | Reached XP level 9. HP: 71/81 MP: 8/8
  5187 | D:7      | Reached skill level 12 in Axes
  5404 | D:7      | Found a runed door.
  5436 | D:7      | Noticed Joseph
  5448 | D:7      | Killed Joseph
  5448 | D:7      | Reached skill level 5 in Armour
  5522 | D:7      | Noticed Crazy Yiuf
  5524 | D:7      | Paralysed by Crazy Yiuf for 4 turns
  5528 | D:7      | Killed Crazy Yiuf
  5633 | D:8      | Noticed Erica
  5660 | D:8      | Killed Erica
  5660 | D:8      | Reached skill level 13 in Axes
  6591 | D:9      | Found a roughly hewn altar of Beogh.
  6602 | D:9      | Reached XP level 10. HP: 88/88 MP: 9/9
  6623 | D:9      | Reached skill level 14 in Axes
  6636 | D:9      | Found a staircase to the Orcish Mines.
  6927 | D:9      | Found a white marble altar of Elyvilon.
  6993 | D:9      | Reached ***** piety under Trog
  7201 | D:9      | Noticed Erolcha
  7210 | D:9      | Killed Erolcha
  7576 | D:10     | Entered Level 10 of the Dungeon
  7576 | D:10     | Noticed a two-headed ogre
  7582 | D:10     | Killed a two-headed ogre
  7582 | D:10     | Reached skill level 15 in Axes
  8012 | D:10     | Noticed a gargoyle
  8019 | D:10     | Killed a gargoyle
  8456 | D:10     | Reached XP level 11. HP: 94/94 MP: 10/10
  8507 | D:10     | Reached skill level 16 in Axes
  8835 | D:10     | Found a staircase to the Lair.
  9093 | Lair:1   | Entered Level 1 of the Lair of Beasts
  9242 | Lair:1   | Reached skill level 5 in Dodging
  9299 | Lair:1   | Noticed an oklob plant
  9299 | Lair:1   | Noticed an oklob plant
  9390 | Lair:1   | Noticed an oklob plant
  9390 | Lair:1   | Noticed an oklob plant
  9396 | Lair:1   | Killed an oklob plant
  9396 | Lair:1   | Reached skill level 1 in Throwing
  9403 | Lair:1   | Killed an oklob plant
  9405 | Lair:1   | Killed an oklob plant
  9408 | Lair:1   | Killed an oklob plant
  9603 | Lair:1   | Got a warped scale mail
  9606 | Lair:1   | Identified the +5 scale mail of Siymagia {+Inv +Fly Str+7 Dex-3} (You found it on level 1 of the Lair of Beasts)
  9639 | Lair:1   | Reached skill level 17 in Axes
 10138 | Lair:2   | Noticed a four-headed hydra
 10147 | Lair:2   | Killed a four-headed hydra
 10179 | Lair:2   | Found a dark tunnel.
 10200 | Volcano  | Entered a volcano
 10331 | Volcano  | Noticed a stone giant
 10338 | Volcano  | Slain by a stone giant

Vault maps used:
D:1:      saegor_arrival_simple_b, serial_glass, glass_columns_a,
          glass_columns_c, glass_columns_a, glass_columns_a, glass_columns_a,
          glass_columns_a, glass_columns_a, glass_columns_a, glass_columns_c,
          glass_columns_a, glass_columns_c, glass_columns_c, glass_columns_b,
          glass_columns_c, minmay_distorted
D:3:      first_bread, minmay_randomly_rotated_circles, uniq_jessica
D:4:      okawaru_gym_becter, temple_hall
D:6:      marbit_many_paths, lemuel_doored_altar,
          chequers_temple_overflow_statue_of_worship, bh_chokoban,
          uniq_eustachio
D:7:      uniq_crazy_yiuf_cottage, uniq_menkaure, uniq_joseph
D:8:      uniq_erica
D:9:      elyvilon_altar_4, david_orc_5, uniq_erolcha
D:10:     erik_lair_dragon
Lair:1:   grunt_megastairs_1, minmay_lair_oklob_chamber
Lair:2:   nicolae_volcano_entry_two_sided, hangedman_lair_unloving_vines
Volcano:  volcano_pools

Skill      XL: |  1  2  3  4  5  6  7  8  9 10 11 |
---------------+----------------------------------+-----
Axes           | 4 5 6 7 8 9 11 13 15 17 | 17.8
Fighting       | 4 5 6 7 8 |  8.0
Armour         | 4 7 8 |  8.8
Dodging        | 4 5 |  5.2
Throwing       | 4 |  4.3

Action                   |  1- 3 |  4- 6 |  7- 9 | 10-12 || total
-------------------------+-------+-------+-------+-------++-------
Melee: Hand axe          |    68 |    46 |       |       ||   114
       Headbutt          |    11 |    25 |    38 |    78 ||   152
       War axe           |       |    80 |   198 |   127 ||   405
       Battleaxe         |       |       |       |   164 ||   164
       Dire flail        |       |       |       |     6 ||     6
Throw: Stone             |    34 |     8 |       |       ||    42
Invok: Berserk           |       |     3 |     6 |     7 ||    16
       Trog's Hand       |       |     2 |     2 |     3 ||     7
       Burn Spellbooks   |       |       |       |     2 ||     2
  Use: Scroll            |       |    16 |     6 |     7 ||    29
  Eat: Chunk             |     1 |    10 |    11 |     9 ||    31
       Meat ration       |       |       |     1 |     2 ||     3
Armor: Animal skin       |    13 |       |       |       ||    13
       Ring mail         |     1 |    30 |       |       ||    31
       Plate armour      |       |     5 |       |       ||     5
       Chain mail        |       |    26 |    90 |   140 ||   256
       Scale mail        |       |       |       |    28 ||    28
Dodge: Dodged            |    42 |    57 |    76 |   114 ||   289
